 Dungeon Crawl Stone Soup version 0.17-a0-1591-g7a45446 (webtiles) character file.

738 kroki the Cleaver (level 7, 0/57 HPs)
             Began as a Hill Orc Berserker on July 29, 2015.
             Was a Priest of Trog.
             Slain by an orc wizard
             ... wielding a +0 dagger
              (4 damage)
             ... on level 6 of the Dungeon.
             The game lasted 00:04:54 (4592 turns).

kroki the Cleaver (Hill Orc Berserker)              Turns: 4592, Time: 00:04:54

Health: 0/57       AC:  1    Str: 20      XL:     7   Next: 75%
Magic:  7/7        EV: 12    Int:  3 (7)  God:    Trog [***...]
Gold:   290        SH:  0    Dex: 14      Spells: 0 memorised, 6 levels left

rFire  . . .     SeeInvis .     a - +1 hand axe
rCold  . . .     Clarity  .     (no armour)
rNeg   . . .     SustAt   .     (no shield)
rPois  +         Gourm    .     (helmet restricted)
rElec  .         Spirit   .     d - +0 cloak
rCorr  .         Warding  .     (no gloves)
rMut   .         Stasis   .     (no boots)
MR     ++...                    (no amulet)
Stlth  +.........               (no ring)
                                e - ring of poison resistance

@: exhausted, regenerating, slowed, very slow, very resistant to hostile
enchantments, very unstealthy
A: antennae 1, agile 1, screaming 2
a: Burn Spellbooks, Berserk, Trog's Hand, Renounce Religion


You were on level 6 of the Dungeon.
You worshipped Trog.
Trog was most pleased with you.
You were near starving.

You visited 1 branch of the dungeon, and saw 6 of its levels.

You collected 290 gold pieces.

Inventory:

Hand weapons
 a - a +1 hand axe (weapon)
Armour
 d - a +0 cloak (worn)
   (You took it off Crazy Yiuf on level 2 of the Dungeon)
Jewellery
 e - a ring of poison resistance (left hand)
   (You found it on level 2 of the Dungeon)
Magical devices
 o - a wand of lightning (7)
   (You found it on level 4 of the Dungeon)
Scrolls
 b - 2 scrolls of remove curse
 g - a scroll of magic mapping
 m - 2 scrolls of teleportation
 n - a scroll of identify
Comestibles
 c - 6 bread rations
 f - 2 beef jerkies
 h - a chunk of flesh


   Skills:
 - Level 3.6 Fighting
 + Level 11.3 Axes
 - Level 2.1 Armour
 - Level 1.5 Dodging


You had 6 spell levels left.
You didn't know any spells.

Dungeon Overview and Level Annotations

Branches:
Dungeon (6/15)
 Temple: D:4-7

Altars:
Fedhas
Okawaru


Innate Abilities, Weirdness & Mutations

You have a pair of small antennae on your head.
You are agile. (Dex +2)
You sometimes yell uncontrollably at your foes.


Message History

Unknown command.
You're too confused!
Unknown command.
You're too confused!
Unknown command.
Drink which item? (? for menu, Esc to quit)
You feel better. The iguana barely misses you.
The orc hits you but does no damage. Something hits you. The iguana bites you!
The orc misses you. Something hits you.
* * * LOW HITPOINT WARNING * * *
Drink which item? (? for menu, Esc to quit)
You feel extremely strange.
You feel agile. The iguana barely misses you. The orc hits you.
* * * LOW HITPOINT WARNING * * *
Something hits you but does no damage.
Drink which item? (? for menu, Esc to quit)
You feel better.
The iguana bites you but does no damage.
The orc barely misses you. Something hits you. The iguana barely misses you.
The orc misses you.
You hear some strange, mumbled words.
Something tries to affect you, but you resist.
Unknown command.
Unknown command.
Use which ability? (? or * to list)
Your skin crawls.
You feel resistant to hostile enchantments.
You are near starving!
The iguana completely misses you. The orc hits you.
Something hits you but does no damage.
Unknown command.
You hit the iguana.
The iguana is moderately wounded.
You miss something. You hit the orc but do no damage.
The iguana barely misses you. The orc closely misses you. Something hits you.
The iguana bites you.
* * * LOW HITPOINT WARNING * * *
The orc barely misses you.
You slash the iguana!
The iguana is severely wounded.
You hit something but do no damage. You hit the orc.
The orc is lightly wounded.
Something hits you.
* * * LOW HITPOINT WARNING * * *
The iguana bites you!
* * * LOW HITPOINT WARNING * * *
The orc closely misses you.
Unknown command.
You aren't carrying any potions.
Unknown command.
Eat a chunk of flesh? (ye/n/q/i?)
Okay, then.
The orc hits you.
* * * LOW HITPOINT WARNING * * *
Something hits you.
* * * LOW HITPOINT WARNING * * *
You hit the iguana.
The iguana is severely wounded.
You hit the orc but do no damage.
The orc is lightly wounded.
You barely miss something. The iguana misses you.
The orc completely misses you. Something hits you.
You die...

############
###...........
#....%.#######
#......#
#......# ##
####......# ...
#........## ....
#.......@##.....
#.....>l{or.....
#........##.....
######.).....###
#.....%.####.#
#..(....#
#........
...........
...######...


You could see an iguana, an orc and a rat.

Vanquished Creatures
  Sigmund (D:4)
  An ogre (D:5)
  Blork the orc (D:5)
  A scorpion (D:5)
  The ghost of emiel the Conjurer, a weakling CeCj (D:3)
  A hound (D:5)
  Crazy Yiuf (D:2)
  An orc priest (D:3)
  Ijyb (D:3)
  2 worker ants
  7 adders
  A shadow imp (D:6)
  An ooze (D:3)
  5 worms
  11 orcs
  A bat zombie (D:5)
  7 hobgoblins
  3 jackals
  10 kobolds
  4 quokkas
  3 ball pythons
  11 bats
  4 giant cockroaches (D:2)
  2 giant geckos
  4 giant newts
  6 goblins
  7 rats
98 creatures vanquished.

Notes
Turn   | Place    | Note
--------------------------------------------------------------
     0 | D:1      | kroki the Hill Orc Berserker began the quest for the Orb.
     0 | D:1      | Reached XP level 1. HP: 19/19 MP: 1/1
   372 | D:1      | Reached XP level 2. HP: 20/26 MP: 2/2
   720 | D:1      | Reached skill level 5 in Axes
   860 | D:2      | Reached XP level 3. HP: 31/31 MP: 3/3
  1261 | D:2      | Found an iron altar of Okawaru.
  1608 | D:2      | Acquired Trog's second power
  1616 | D:2      | Reached skill level 6 in Axes
  1656 | D:2      | Reached XP level 4. HP: 35/39 MP: 4/4
  1904 | D:2      | Noticed Crazy Yiuf
  1915 | D:2      | Killed Crazy Yiuf
  1915 | D:2      | Reached skill level 7 in Axes
  2591 | D:3      | Noticed emiel's ghost (weakling CeCj)
  2605 | D:3      | Killed emiel's ghost
  2605 | D:3      | Reached XP level 5. HP: 45/45 MP: 5/5
  2820 | D:3      | Reached skill level 8 in Axes
  3031 | D:3      | Noticed Ijyb
  3050 | D:3      | Killed Ijyb
  3050 | D:3      | Reached XP level 6. HP: 47/51 MP: 6/6
  3385 | D:3      | Found a blossoming altar of Fedhas.
  3755 | D:4      | Noticed Sigmund
  3766 | D:4      | Killed Sigmund
  3766 | D:4      | Reached skill level 9 in Axes
  3806 | D:4      | Got a shadowed robe
  3947 | D:4      | Reached skill level 10 in Axes
  3947 | D:4      | Reached XP level 7. HP: 50/57 MP: 7/7
  4367 | D:5      | Entered Level 5 of the Dungeon
  4383 | D:5      | Noticed Blork the orc
  4396 | D:5      | Gained mutation: You have a pair of small antennae on your head. [potion of mutation]
  4396 | D:5      | Gained mutation: You occasionally shout uncontrollably at your foes. [potion of mutation]
  4396 | D:5      | Gained mutation: You sometimes yell uncontrollably at your foes. [potion of mutation]
  4406 | D:5      | Killed Blork the orc
  4406 | D:5      | Reached skill level 11 in Axes
  4546 | D:5      | You fall through a shaft!
  4586 | D:6      | Gained mutation: You are agile. (Dex +2) [potion of mutation]
  4592 | D:6      | Slain by an orc wizard

Vault maps used:
D:1:      roderic_octagonal_star
D:2:      serial_forest, infiniplex_forest_clump_long,
          infiniplex_forest_straight_4, infiniplex_forest_lined_3,
          infiniplex_forest_lined_corner, infiniplex_forest_clump_double,
          infiniplex_forest_split, st_stairs_11, minmay_misc_feat_hallway,
          mrwooster_statue_mirror, okawaru_trees_1, uniq_crazy_yiuf_cottage
D:3:      minmay_misc_feat_diagonals, fedhas_altar_4, uniq_iyjb
D:4:      first_bread, dk_noncrumbling_3, uniq_sigmund
D:5:      uniq_blork_the_orc
D:6:      lemuel_doored_altar, minmay_temple_entry_butterflies

Action                   |  1- 3 |  4- 6 |  7- 9 || total
-------------------------+-------+-------+-------++-------
Melee: Hand axe          |   100 |   165 |    79 ||   344
Invok: Berserk           |     2 |     6 |     3 ||    11
       Trog's Hand       |       |       |     3 ||     3
  Use: Scroll            |     3 |     2 |       ||     5
       Potion            |     1 |       |     7 ||     8
  Eat: Chunk             |     3 |    10 |     4 ||    17
       Meat ration       |       |     1 |       ||     1
